 Dungeon Crawl Stone Soup version 0.27-a0-291-gd9602db6ee (webtiles) character file.

Game seed: 6496280565393891310

36216 lunkers the Arsonist (level 13, -14/108 HPs)
             Began as a Demigod Fire Elementalist on Feb 9, 2021.
             Demolished by a cane toad (20 damage)
             ... on level 5 of the Lair of Beasts.
             The game lasted 00:41:18 (19595 turns).

lunkers the Arsonist (Demigod Fire Elementalist)   Turns: 19595, Time: 00:41:19

Health: -14/108    AC: 10    Str: 11    XL:     13   Next: 20%
Magic:  21/30      EV: 16    Int: 27    God:
Gold:   993        SH:  5    Dex: 16    Spells: 19/29 levels left

rFire    . . .     SeeInvis .   M - +6 broad axe (flame)
rCold    . . .     Faith    .   (no shield)
rNeg     . . .     Spirit   .   v - +0 troll leather armour
rPois    .         Reflect  +   (no helmet)
rElec    .         Harm     .   R - scarf {repulsion}
rCorr    .         Rampage  .   H - +0 pair of gloves
Will     +....                  T - +0 pair of boots
Stlth    ++........             Y - amulet of reflection
HPRegen  0.68/turn              A - +4 ring of evasion
MPRegen  0.22/turn              l - +4 ring of protection

@: lethally poisoned (-14 -> -15), marked, repel missiles
A: high mp 1
a: no special abilities


You were on level 5 of the Lair of Beasts.
You visited 2 branches of the dungeon, and saw 14 of its levels.

You collected 993 gold pieces.

Inventory:

Hand Weapons
 x - a +0 falchion
 D - a +2 dagger of protection
 G - a +1 dagger of draining
 K - a +2 morningstar of freezing
 M - a +6 broad axe of flaming (weapon)
Armour
 v - a +0 troll leather armour (worn)
 H - a +0 pair of gloves (worn)
 N - +0 steam dragon scales
 P - +0 swamp dragon scales
 R - a scarf of repulsion (worn)
 T - a +0 pair of boots (worn)
Jewellery
 a - an uncursed ring of ice
 k - an uncursed ring of wizardry
 l - a +4 ring of protection (right hand)
 s - an uncursed ring of flight
 z - an uncursed amulet of guardian spirit
 A - a +4 ring of evasion (left hand)
 X - a +6 ring of strength {unknown}
 Y - an amulet of reflection (around neck)
Wands
 E - a wand of acid (5)
 J - a wand of paralysis (3)
 L - a wand of random effects (49)
 S - a wand of flame (40)
 U - a wand of iceblast (11)
 V - a wand of charming (6)
Scrolls
 c - 7 scrolls of teleportation
 e - 5 scrolls of amnesia {unknown}
 f - 2 scrolls of noise {unknown}
 g - 8 scrolls of identify
 h - 8 scrolls of remove curse
 i - 3 scrolls of enchant weapon {unknown}
 j - 4 scrolls of fear {unknown}
 m - 2 scrolls of random uselessness {unknown}
 t - 3 scrolls of magic mapping {unknown}
 w - 8 scrolls of enchant armour {unknown}
 y - 4 scrolls of fog {unknown}
Potions
 b - 3 potions of might
 d - 2 potions of haste
 n - 5 potions of cancellation
 o - 2 potions of brilliance
 p - 6 potions of heal wounds
 q - 2 potions of mutation
 r - 2 potions of ambrosia
 u - 2 potions of flight
 B - 3 potions of magic
 C - 4 potions of curing
 F - a potion of invisibility
 I - 2 potions of attraction
 O - 2 potions of resistance
 Q - 3 potions of lignification
 W - a potion of berserk rage


   Skills:
 + Level 8.3 Fighting
 - Level 1.7 Dodging
 - Level 1.7 Stealth
 + Level 8.5 Spellcasting
 * Level 12.5 Conjurations
 * Level 12.7 Fire Magic


You had 19 spell levels left.
You knew the following spells:

 Your Spells              Type           Power        Failure   Level
a - Foxfire               Conj/Fire      100%         1%          1
b - Sticky Flame          Conj/Fire      68%          1%          4
c - Fireball              Conj/Fire      34%          1%          5

Your spell library contained the following spells:

 Spells                   Type           Power        Failure   Level
 Conjure Flame            Conj/Fire      68%          1%          3
 Inner Flame              Hex/Fire       45%          1%          3
 Hailstorm                Conj/Ice       45%          4%          4
 Animate Skeleton         Necr           22%          7%          1
 Apportation              Tloc           22%          7%          1
 Corona                   Hex            12%          7%          1
 Freeze                   Ice            44%          7%          1
 Pain                     Necr           44%          7%          1
 Summon Small Mammal      Summ           44%          7%          1
 Confusing Touch          Hex            11%          21%         3
 Frozen Ramparts          Ice            22%          21%         3
 Gell's Gravitas          Tloc           5%           21%         3
 Lesser Beckoning         Tloc           5%           21%         3
 Ozocubu's Armour         Ice            11%          21%         3
 Tukima's Dance           Hex            11%          21%         3
 Vampiric Draining        Necr           5%           21%         3
 Animate Dead             Necr           5%           54%         4
 Petrify                  Tmut/Erth      11%          54%         4
 Summon Ice Beast         Ice/Summ       11%          54%         4
 Agony                    Necr           11%          88%         5
 Alistair's Intoxication  Tmut/Pois      7%           88%         5
 Metabolic Englaciation   Hex/Ice        5%           88%         5
 Summon Forest            Summ/Tloc      5%           88%         5
 Summon Mana Viper        Hex/Summ       11%          88%         5
 Yara's Violent Unravell  Hex/Tmut       5%           88%         5
 Invisibility             Hex            11%          100%        6
 Shadow Creatures         Summ           N/A          100%        6
 Summon Hydra             Summ           5%           100%        7


Dungeon Overview and Level Annotations

Branches:
Dungeon (8/15)             Temple (0/1) D:7            Lair (6/6) D:8
 Shoals (0/4) Lair:4        Snake (0/4) Lair:3        Slime (0/5) Lair:5

Annotations:
D:8 exclusion: statue
Lair:1 1 runed translucent door, lunkers's ghost, journeyman DgEE


Innate Abilities, Weirdness & Mutations

You have an increased reservoir of magic. (+10% MP)


Message History

You feel better.
You feel yourself speed up. The cane toad stings you!
* * * LOW HITPOINT WARNING * * *
You are poisoned.
The cane toad poisons you!
Unknown command.
Unknown command.
Casting: Sticky Flame (safe; 1% risk of failure)
Confirm with . or Enter, or press ? or * to list all spells.
Aiming: Sticky Flame (safe; 1% risk of failure)
Press: ? - help, Shift-Dir - straight line, f - cane toad
Aim: a cane toad (0% to evade)
The sticky flame hits the cane toad!
The cane toad is moderately wounded.
The cane toad is covered in liquid flames!
You feel sick.
The cane toad burns!
The cane toad stings you!
* * * LOW HITPOINT WARNING * * *
The cane toad stings you!!
You die...

.........#..####### ###.....
###.....#.........# #P.....
##...)...........## ##.....
#................### #...##
...........†.....#.# ##.###
..........(........# #..##.
..................## ##...#.
.............<..F..# ##..#...
................@..# #..<....
#................†.# #.......
#..................# #.......
...................#######P......
..............##......#..........
P...#......[....#.P..............
....#.##.#########P..............
.....##### ####....#.....#..P.
..P### #.....P###.#P.#.#..


You could see a cane toad (burning).

Vanquished Creatures
  10 hydras
  A merfolk avatar (Lair:6)
  6 death yaks
  9 elephants
  3 manticores (Lair:6)
  5 black mambas
  A torpor snail (Lair:5)
  9 cane toads
  2 komodo dragons
  Maggie (D:7)
  5 rime drakes
  5 polar bears
  2 hornets
  9 blink frogs
  Sigmund (D:4)
  7 wyverns
  2 basilisks
  15 yaks
  13 water moccasins
  2 orc warriors
  2 ice beasts
  A sky beast (D:8)
  A black bear (Lair:2)
  16 wolves
  5 ogres
  5 centaurs
  2 phantoms (D:7)
  13 bullfrogs
  3 kobold brigands
  A gnoll sergeant (D:6)
  11 killer bees (D:8)
  3 howler monkeys (D:7)
  A bullfrog zombie (D:8)
  A hound (D:5)
  16 jellies
  6 orc priests
  A centaur skeleton (D:7)
  A bullfrog skeleton (D:8)
  An iguana (D:7)
  5 orc wizards
  10 worker ants
  2 hound skeletons (D:8)
  A worker ant zombie (D:8)
  7 gnolls
  10 adders
  A shadow imp (D:8)
  A white imp (D:5)
  2 oozes
  3 adder skeletons
  5 worms
  A dart slug (D:3)
  5 leopard geckos
  14 orcs
  4 giant cockroaches
  8 goblins
  6 hobgoblins
  10 jackals
  16 kobolds
  A quokka (D:3)
  5 ball pythons
  4 bats
  4 frilled lizards
  A jackal zombie (D:7)
  A leopard gecko skeleton (D:8)
  A quokka skeleton (D:5)
  6 rats
332 creatures vanquished.

Vanquished Creatures (collateral kills)
  2 yaks (Lair:5)
2 creatures vanquished.

Vanquished Creatures (others)
  A yak (Lair:5)
  A bush (Lair:5)
  447 foxfires
  43 fungi
  75 plants
567 creatures vanquished.

Grand Total: 901 creatures vanquished

Notes
Turn   | Place    | Note
-------+----------+-------------------------------------------
     0 | D:1      | lunkers the Demigod Fire Elementalist began the quest for
                  | the Orb.
     0 | D:1      | Reached XP level 1. HP: 14/14 MP: 5/5
    41 | D:1      | Reached skill level 1 in Conjurations
   347 | D:1      | Reached XP level 2. HP: 20/20 MP: 4/7
  1096 | D:2      | Noticed a +0 dagger
  1101 | D:2      | Noticed a +0 hand axe
  1103 | D:2      | Found a hide-covered altar of Uskayaw.
  1287 | D:2      | Found a glowing golden altar of the Shining One.
  1358 | D:2      | Reached XP level 3. HP: 26/26 MP: 5/8
  2512 | D:3      | Reached XP level 4. HP: 33/33 MP: 8/10
  2724 | D:3      | Found an opulent altar of Gozag.
  3001 | D:3      | Learned a level 4 spell: Sticky Flame
  3078 | D:3      | Found a snail-covered altar of Cheibriados.
  3713 | D:4      | Reached XP level 5. HP: 37/38 MP: 6/11
  3836 | D:4      | Noticed Sigmund
  3862 | D:4      | Killed Sigmund
  3863 | D:4      | Reached XP level 6. HP: 40/45 MP: 7/13
  4438 | D:4      | Reached skill level 5 in Fire Magic
  4860 | D:5      | Entered Level 5 of the Dungeon
  4943 | D:5      | Found a shimmering blue altar of Sif Muna.
  5001 | D:5      | Reached XP level 7. HP: 43/50 MP: 10/15
  5346 | D:5      | Reached skill level 5 in Conjurations
  5464 | D:5      | Found a shimmering altar of Xom.
  5466 | D:5      | Found an ornate altar of the Wu Jian Council.
  5572 | D:5      | Found a shadowy altar of Dithmenos.
  6601 | D:6      | Reached XP level 8. HP: 30/57 MP: 2/17
  7319 | D:7      | Noticed Maggie
  7333 | D:7      | Killed Maggie
  7515 | D:7      | Found a staircase to the Ecumenical Temple.
  7576 | D:7      | Reached skill level 1 in Fighting
  7835 | D:7      | Found a burning altar of Makhleb.
  7859 | D:7      | Reached XP level 9. HP: 63/70 MP: 14/19
  8143 | D:7      | Found a glowing silver altar of Zin.
  8644 | D:8      | Found a white marble altar of Elyvilon.
  8687 | D:8      | Reached skill level 5 in Spellcasting
  8860 | D:8      | Found a radiant altar of Vehumet.
  8984 | D:8      | Found a stormy altar of Qazlal.
  9089 | D:8      | Found a blossoming altar of Fedhas.
  9226 | D:8      | Found a staircase to the Lair.
  9553 | Lair:1   | Entered Level 1 of the Lair of Beasts
  9560 | Lair:1   | Learned a level 5 spell: Fireball
  9821 | Lair:1   | Found a runed translucent door.
  9821 | Lair:1   | Noticed lunkers's ghost (journeyman DgEE)
  9822 | Lair:1   | Noticed a torpor snail
 10372 | Lair:2   | Noticed a rime drake
 10376 | Lair:2   | Killed a rime drake
 10493 | Lair:2   | Reached XP level 10. HP: 73/80 MP: 17/22
 10642 | Lair:2   | Noticed a black mamba
 10653 | Lair:2   | Killed a black mamba
 10801 | Lair:2   | Reached skill level 5 in Fighting
 11243 | Lair:2   | Noticed a black mamba
 11249 | Lair:2   | Killed a black mamba
 11693 | Lair:2   | Noticed a black mamba
 11698 | Lair:2   | Killed a black mamba
 12100 | Lair:3   | Found a staircase to the Snake Pit.
 12181 | Lair:3   | Reached XP level 11. HP: 87/89 MP: 17/24
 12284 | Lair:3   | Noticed a seven-headed hydra
 12312 | Lair:3   | Killed a six-headed hydra
 12313 | Lair:3   | Reached skill level 10 in Fire Magic
 12833 | Lair:3   | You fall into a shaft and drop 2 floors!
 12890 | Lair:5   | Reached skill level 10 in Conjurations
 13651 | Lair:4   | Noticed a seven-headed hydra
 13656 | Lair:4   | Killed a seven-headed hydra
 14566 | Lair:4   | Found a staircase to the Shoals.
 14580 | Lair:4   | Noticed a four-headed hydra
 14584 | Lair:4   | Killed a four-headed hydra
 15098 | Lair:4   | Reached XP level 12. HP: 28/97 MP: 14/27
 15870 | Lair:5   | Noticed a six-headed hydra
 15877 | Lair:5   | Killed a six-headed hydra
 16228 | Lair:5   | Found a staircase to the Slime Pits.
 16811 | Lair:5   | Noticed a five-headed hydra
 16817 | Lair:5   | Killed a five-headed hydra
 17571 | Lair:6   | Entered Level 6 of the Lair of Beasts
 17571 | Lair:6   | Noticed a six-headed hydra
 17576 | Lair:6   | Killed a six-headed hydra
 18871 | Lair:6   | Noticed a seven-headed hydra
 18882 | Lair:5   | Killed a seven-headed hydra
 18883 | Lair:5   | Reached XP level 13. HP: 59/107 MP: 11/29
 19191 | Lair:5   | HP: 5/107 [poisoned by a black mamba]
 19196 | Lair:5   | HP: 3/107 [poisoned by a black mamba]
 19202 | Lair:5   | HP: 3/107 [poisoned by a black mamba]
 19208 | Lair:5   | HP: 4/107 [poisoned by a black mamba]
 19595 | Lair:5   | Demolished by a cane toad

Illustrated notes

Levels and vault maps discovered:
D:1:      dpeg_arrival_arbitrary_b, layout_loops_ring
D:2:      layout_loops_ring, dancing_weapons_uskayaw, tso_metal_star
D:3:      minmay_door_path, layout_rooms, general_overflow_altar,
          lemuel_doored_altar
D:4:      layout_loops_corners, uniq_sigmund
D:5:      layout_loops_ring, nicolae_dithmenos_through_a_glass_darkly, tgw_sif,
          chequers_temple_overflow_statue_of_worship
D:6:      layout_basic
D:7:      layout_gridville, kennysheep_little_box, lemuel_temple_firewalk_b,
          basic_altar, minmay_fractal_squares_5, uniq_maggie
D:8:      layout_layer_cave, grunt_temple_overflow_forces_of_nature,
          old_standard_altar, vehumet_statue, lair_entry_dummy
Lair:1:   layout_chaotic_city, ebering_ghost_inner_flame, grunt_megastairs_5,
          lemuel_fruit_fields, lemuel_fruit_tree
Lair:2:   layout_roguey
Lair:3:   layout_gridlike, dummy_snake_entry, eino_small_chamber_without_monster
Lair:4:   layout_layer_cave, shoals_dummy_entry
Lair:5:   layout_cave_pods, minmay_slime_entry_jelly_boxes
Lair:6:   gammafunk_lair_ancient_temple, layout_regular_city,
          grunt_forest_large_clearings

Skill      XL: |  1  2  3  4  5  6  7  8  9 10 11 12 |
---------------+-------------------------------------+-----
Conjurations   | 1 2 3 4 5 6 8 9 11 12 | 12.5
Fire Magic     | 3 4 5 6 7 8 9 11 12 | 12.7
Spellcasting   | 2 3 4 5 6 7 8 |  8.5
Fighting       | 3 4 5 6 8 |  8.3
Dodging        | |  1.7
Stealth        | |  1.7

Action                   |  1- 3 |  4- 6 |  7- 9 | 10-12 | 13-15 || total
-------------------------+-------+-------+-------+-------+-------++-------
Melee: Unarmed           |     4 |     3 |       |       |       ||     7
       Falchion          |       |     4 |    36 |       |       ||    40
       Dagger            |       |       |    60 |       |       ||    60
       Broad axe         |       |       |   133 |   261 |    20 ||   414
       Morningstar       |       |       |    11 |       |       ||    11
 Cast: Foxfire           |    92 |   113 |    57 |       |       ||   262
       Sticky Flame      |       |     5 |    52 |   110 |    13 ||   180
       Fireball          |       |       |     2 |    61 |    10 ||    73
Evoke: Wand              |       |       |     1 |     5 |       ||     6
  Use: Scroll            |       |       |       |    17 |       ||    17
       Potion            |       |       |       |       |     1 ||     1
 Stab: Sleeping          |       |       |     4 |       |       ||     4
       Paralysed         |       |       |       |     1 |       ||     1
Armor: Robe              |    14 |     6 |       |       |       ||    20
       Troll leather arm |       |    17 |   112 |   195 |    12 ||   336
Dodge: Dodged            |    27 |    42 |   311 |   472 |    44 ||   896
       Repelled          |       |       |       |     2 |     1 ||     3
Block: Other             |       |       |       |       |     3 ||     3
       Rpst.: Falchion   |       |       |    16 |       |       ||    16

Table legend: (Time is in decaauts)
 A = Elapsed time spent in this place.
 B = Non-inter-level travel time spent in this place.
 C = Inter-level travel time spent in this place.
 D = Time resting spent in this place.
 E = Time spent auto-exploring this place.
 F = Levels seen in this place.
 G = Mean time per level.
                   A        B        C        D        E       F      G
               +--------+--------+--------+--------+--------+-----+--------+
         Total |  19899 |  19391 |    508 |   1968 |  13903 |  14 | 1421.4 |
       Dungeon |   9637 |   9385 |    252 |    231 |   7584 |   8 | 1204.6 |
          Lair |  10262 |  10006 |    256 |   1737 |   6319 |   6 | 1710.3 |
               +--------+--------+--------+--------+--------+-----+--------+

Top non-repeatable levels by time:
  Lair:5: 3002 daAuts
  Lair:4: 2627 daAuts
  Lair:2: 1589 daAuts
     D:4: 1408 daAuts
     D:5: 1334 daAuts
  Lair:3: 1297 daAuts
     D:8: 1248 daAuts
     D:2: 1213 daAuts
     D:3: 1199 daAuts
     D:6: 1150 daAuts
     D:7: 1047 daAuts
     D:1: 1035 daAuts
  Lair:6: 949 daAuts
  Lair:1: 796 daAuts
